 Dungeon Crawl Stone Soup version 0.13-a0-2910-g7a74111 (webtiles) character file.

232 PolkaDot the Ruinous (level 4, -2/28 HPs)
             Began as a Vampire Wizard on Sept 1, 2013.
             Succumbed to Ijyb's poison
             ... while paralysed by a potion of paralysis
             ... on Level 3 of the Dungeon.
             The game lasted 00:12:46 (2774 turns).

PolkaDot the Ruinous (Vampire Wizard)               Turns: 2774, Time: 00:12:47

HP  -2/28        AC  2     Str  6      XL: 4   Next: 75%
MP   1/12        EV  2     Int 21      God:
Gold 112         SH  0     Dex 12      Spells:  2 memorised,  5 levels left

Res.Fire  : + . .   See Invis. : +   l - +1 short sword
Res.Cold  : x . .   Warding    : .   a - +0 robe
Life Prot.: . . .   Conserve   : .   (no shield)
Res.Poison: .       Res.Corr.  : +   b - +0 wizard hat
Res.Elec. : .       Clarity    : .   (no cloak)
Sust.Abil.: + .     Spirit.Shd : .   (no gloves)
Res.Mut.  : .       Stasis     : .   (no boots)
Res.Rott. : .       Flight     : .   p - amulet of resist corrosion {unknown}
Saprovore : . . .                    s - ring of sustain abilities {unknown}
                                     j - ring of fire

@: paralysed, regenerating very quickly, extremely poisoned, slightly resistant
to hostile enchantments, stealthy
A: fangs 3, see invisible, unbreathing
a: no special abilities


You were on level 3 of the Dungeon.
You were almost alive.

You visited 1 branch of the dungeon, and saw 4 of its levels.

You collected 92 gold pieces.

Inventory:

Hand weapons
 l - a +1,+1 short sword (weapon)
Armour
 a - a +0 robe (worn)
 b - a +0 wizard hat (worn)
Scrolls
 d - a scroll of remove curse {unknown}
 e - a scroll of enchant armour {unknown}
 f - a scroll of magic mapping {unknown}
 h - a scroll of fog {unknown}
 n - a scroll of curse weapon {unknown}
 q - a scroll of identify {unknown}
 r - a scroll of blinking {unknown}
Jewellery
 j - a ring of fire (left hand)
 m - an uncursed ring of positive energy {unknown}
 o - an uncursed amulet of warding {unknown}
 p - an amulet of resist corrosion (around neck) {unknown}
 s - a ring of sustain abilities (right hand) {unknown}
Potions
 i - a potion of speed
Books
 c - a book of Minor Magic

   Spells                             Type                      Level
   *Magic Dart                        Conjuration                  1
   Blink                              Translocation                2
   Call Imp                           Summoning                    2
   Repel Missiles                     Charms/Air                   2
   Slow                               Hexes                        2
   *Conjure Flame                     Conjuration/Fire             3
   Mephitic Cloud                     Conjuration/Poison/Air       3


   Skills:
 - Level 2.1 Dodging
 - Level 3.0 Stealth
 - Level 3.0 Spellcasting
 * Level 3.4 Conjurations
   Level 1.0 Summonings
   Level 0.7 Translocations


You had 5 spell levels left.
You knew the following spells:

 Your Spells              Type           Power        Failure   Level  Hunger
a - Magic Dart            Conj           ###.         3%          1    None
s - Conjure Flame         Conj/Fire      ###.....     24%         3    ###....


Dungeon Overview and Level Annotations

Branches:
Dungeon (4/27)
 Temple: D:4-7

Altars:
Cheibriados

Annotations:
D:3 Ijyb


Innate Abilities, Weirdness & Mutations

Your natural rate of healing is extremely fast.
You have razor-sharp teeth.*
You have supernaturally acute eyesight.
You can survive without breathing.*


Message History

Confirm with . or Enter, or press ? or * to list all spells.
You don't have enough magic to cast that spell.
Drink which item? (? for menu, Esc to quit)
You feel refreshed.
It was a potion of restore abilities.
* * * LOW HITPOINT WARNING * * *
You feel very sick.
Ijyb shoots a poisoned needle.
The poisoned needle hits you!
You are more poisoned.
* * * LOW HITPOINT WARNING * * *
Drink which item? (? for menu, Esc to quit)
You suddenly lose the ability to move!
It was a potion of paralysis.
* * * LOW HITPOINT WARNING * * *
You feel very sick.
Ijyb shoots a poisoned needle.
The poisoned needle hits you!
* * * LOW HITPOINT WARNING * * *
* * * LOW HITPOINT WARNING * * *
You feel sick.
Ijyb shoots a poisoned needle.
The poisoned needle hits you!
You are more poisoned.
* * * LOW HITPOINT WARNING * * *
You die...

#.# #.# #.# #.# #.#
#)###### #######
#.##...# #......
#.##...# #......
#.##>.@# #......
#.##...# #......
#.##...# #......
#.##...# #......
#.##...# #......
#(##g..# ######.
#.##..%###############.
#......................
#######################


You could see Ijyb.

Vanquished Creatures
  Jessica (D:3)
  A giant mite (D:2)
  4 adders
  A worm (D:2)
  A giant gecko (D:1)
  An ooze (D:2)
  6 giant cockroaches
  3 hobgoblins
  4 jackals (D:1)
  5 kobolds
  3 quokkas
  6 bats
  3 giant newts
  A gnoll skeleton (D:3)
  7 goblins
  8 rats
55 creatures vanquished.

Notes
Turn   | Place    | Note
--------------------------------------------------------------
     0 | D:1      | PolkaDot, the Vampire Wizard, began the quest for the Orb.
     0 | D:1      | Reached XP level 1. HP: 11/11 MP: 6/6
   466 | D:1      | Reached skill level 1 in Conjurations
   597 | D:1      | Found a snail-covered altar of Cheibriados.
   778 | D:1      | Reached XP level 2. HP: 17/17 MP: 8/8
  1661 | D:2      | Reached XP level 3. HP: 22/22 MP: 7/10
  1742 | D:2      | Learned a level 3 spell: Conjure Flame
  2399 | D:3      | Reached XP level 4. HP: 28/28 MP: 9/12
  2717 | D:3      | Noticed Jessica
  2724 | D:3      | Killed Jessica
  2727 | D:3      | Noticed Ijyb
  2772 | D:3      | Paralysed by a potion of paralysis for 5 turns
  2774 | D:3      | Succumbed to Ijyb's poison

Action                   |  1- 3 |  4- 6 || total
-------------------------+-------+-------++-------
Melee: Unarmed           |     7 |       ||     7
       Short sword       |     2 |     1 ||     3
 Cast: Magic Dart        |   117 |    35 ||   152
       Conjure Flame     |     4 |     2 ||     6
  Use: Potion            |     2 |     4 ||     6
